 Dungeon Crawl Stone Soup version 0.30.0-11-gf55b779eaf (webtiles) character file.

Game seed: 10390393848074965254

405 GigaChad the Covered (level 6, -11/55 HPs)
             Began as an Armataur Fighter on May 17, 2023.
             Was an Initiate of Gozag.
             Mangled by a hornet (14 damage)
             ... on level 4 of the Dungeon.
             The game lasted 00:03:45 (3046 turns).

GigaChad the Covered (Armataur Fighter)             Turns: 3046, Time: 00:03:46

Health: -11/55     AC:  7    Str: 24    XL:     6   Next: 56%
Magic:  6/6        EV:  7    Int:  8    God:    Gozag
Gold:   194        SH:  5    Dex:  9    Spells: 5/5 levels left

rFire   . . .        a - +0 war axe
rCold   . . .        c - +1 buckler
rNeg    . . .        b - +0 scale mail
rPois   .            (no helmet)
rElec   .            (no cloak)
rCorr   .            (no gloves)
SInv    .            (no barding)
Will    .....        (no amulet) Stlth
                     (no ring)
HPRegen 0.29/turn    (no ring)
MPRegen 0.10/turn

%: roll
@: lethally poisoned (-11 -> -32), slowed, very slow
A: large, rugged brown scales 3, deformed body, armoured tail, roll, long
tongue, awkward tongue
a: Renounce Religion, Potion Petition, Call Merchant, Bribe Branch


You were on level 4 of the Dungeon.
You worshipped Gozag.
Gozag was aware of your devotion.
You visited 2 branches of the dungeon, and saw 5 of its levels.

You collected 233 gold pieces.
You paid 39 gold pieces to Gozag.

Inventory:

Hand Weapons
 a - a +0 war axe (weapon)
 o - a +2 spectral club
Missiles
 j - 2 throwing nets (quivered)
Armour
 b - a +0 scale mail (worn)
 c - a +1 buckler (worn)
 h - the +1 leather armour of the Sun {-Tele rElec rC+ Str+4}
   (You found it on level 3 of the Dungeon)

   Str:       It affects your strength (+4).
   rC:        It protects you from cold.
   rElec:     It insulates you from electricity.
   -Tele:     It prevents most forms of teleportation.
Wands
 k - a wand of iceblast (9)
Scrolls
 f - 2 scrolls of teleportation
 i - a scroll of fog {unknown}
 q - a scroll of silence
 s - a scroll of magic mapping
 t - a scroll of poison
 v - 2 scrolls of blinking
 w - a scroll of identify
Potions
 d - 2 potions of might
 e - 2 potions of berserk rage {unknown}
 g - a potion of magic {unknown}
 l - a potion of degeneration {unknown}
 m - 2 potions of mutation {unknown}
 n - a potion of cancellation {unknown}
 p - 3 potions of curing {unknown}
 r - 2 potions of attraction {unknown}
 u - 2 potions of brilliance {unknown}


   Skills:
 * Level 3.8 Fighting
 * Level 4.1 Axes
 * Level 5.1 Armour
 * Level 4.3 Shields


You had 5 spell levels left.
You didn't know any spells.
Your spell library contained the following spells:

 Spells                   Type           Power      Damage    Failure   Level
 Blink                    Tloc           0%         N/A       88%         2
 Lesser Beckoning         Tloc           0%         N/A       88%         2
 Momentum Strike          Conj/Tloc      0%         3d8       88%         2
 Tukima's Dance           Hex            0%         N/A       98%         3
 Passage of Golubria      Tloc           0%         N/A       100%        4
 Yara's Violent Unravell  Hex/Tmut       0%         3d3       100%        5


Dungeon Overview and Level Annotations

Branches:
Dungeon (4/15)             Temple (1/1) D:4

Altars:
Ashenzari
Dithmenos
Elyvilon
Fedhas
Gozag
Hepliaklqana
Kikubaaqudgha
Makhleb
Okawaru
Qazlal
Ru
Sif Muna
Trog
Uskayaw
Vehumet
Wu Jian
Xom
Yredelemnul
Zin
The Shining One

Shops:
D:1 =   D:3 (


Innate Abilities, Weirdness & Mutations

You are completely covered in rugged brown scales. (AC +3, +7% HP)
Armour fits poorly on your strangely shaped body.
You have a long armoured tail.
You roll when moving toward enemies. (Rampage)
Your long tongue fully drains potion bottles. (2x potion effects)
Your tongue gives you trouble enunciating. (1.5x scroll delay)


Message History

A hornet comes into view.
Found 6 stones.
The hornet buzzes angrily.
A hornet is nearby!
You closely miss the hornet. The hornet stings you!
You feel yourself slow down. The hornet stings you!
You feel as though you will be slow longer.
A hornet is nearby!
You barely miss the hornet.
Your tail-slap misses the hornet.
The hornet stings you but does no damage.
The hornet barely misses you. The hornet closely misses you.
A hornet is nearby!
You barely miss the hornet. The hornet barely misses you.
The hornet stings you.
You are poisoned.
You feel as though you will be slow longer.
The hornet stings you but does no damage.
You slash the hornet!
Your tail-slap misses the hornet.
The hornet is moderately wounded.
You feel very sick.
You block the hornet's attack. x2; The hornet stings you.
You feel as though you will be slow longer.
You are too injured to fight recklessly!
You are too injured to fight recklessly!
You are too injured to fight recklessly!
Found a runed glaive.
You feel sick. The hornet barely misses you. The hornet stings you!
You are more poisoned.
You feel as though you will be slow longer.
You closely miss the hornet.
The hornet is moderately wounded.
* * * LOW HITPOINT WARNING * * *
You feel very sick. The hornet barely misses you. The hornet stings you!
* * * LOW HITPOINT WARNING * * *
You are more poisoned.
You feel as though you will be slow longer.
The hornet stings you!
You die...
Your body crumbles into a pile of gold.

#.####(##.#
##################
#.# #.##)#
#.................
#.# #....#
#.################
#.# ###### #.# ...
.... #.# #.# ....
... #.#
######.##..... ..
... #.#
#............. ..
#.# #.#
##.####.##########.
#.#
##.######......y@.#
#.... #.#
...............#..#
###....###..
.#.######.#.#..#?..)
#.......##..
.#............
..)...+...........
.....####.#...
#.....#......)))..
.....####.#(.
#.....######.#.###
..........#.#
#..##.# #.#.#
+##.......# ...# .#
#.#.# .##.......#
##.## # #.#.#


You could see a hornet.

Vanquished Creatures
  A scorpion (D:4)
  An orc priest (D:3)
  2 jellies (D:4)
  Jessica (D:2)
  An orc wizard (D:4)
  10 adders
  An ufetubus (D:4)
  2 worms
  3 dart slugs
  9 orcs
  5 endoplasms
  5 giant cockroaches
  6 goblins
  4 hobgoblins
  15 jackals
  4 quokkas
  9 ball pythons
  3 bats
  4 frilled lizards
  5 kobolds
  4 rats
95 creatures vanquished.

Notes
Turn   | Place    | Note
-------+----------+-------------------------------------------
     0 | D:1      | GigaChad the Armataur Fighter began the quest for the Orb.
     0 | D:1      | Reached XP level 1. HP: 19/19 MP: 1/1
    68 | D:1      | Reached XP level 2. HP: 26/26 MP: 2/2
   240 | D:1      | Reached skill level 4 in Armour
   375 | D:1      | Found Bytulaoj's One-of-a-Kind Rings.
   474 | D:1      | Reached XP level 3. HP: 22/33 MP: 3/3
  1069 | D:2      | Noticed Jessica
  1071 | D:2      | Killed Jessica
  1072 | D:2      | Reached XP level 4. HP: 40/40 MP: 4/4
  1563 | D:3      | Found Joleeb Bin's Weapon Emporium.
  1801 | D:3      | Reached XP level 5. HP: 39/48 MP: 5/5
  1880 | D:3      | Identified the +1 leather armour of the Sun {-Tele rElec
                  | rC+ Str+4}
  2082 | D:4      | Found a staircase to the Ecumenical Temple.
  2098 | D:4      | Reached XP level 6. HP: 54/54 MP: 6/6
  2106 | Temple   | Entered the Ecumenical Temple
  2363 | Temple   | Became a worshipper of Gozag Ym Sagoz the Greedy
  2606 | D:4      | Reached skill level 5 in Armour
  3039 | D:4      | Noticed a hornet
  3046 | D:4      | Mangled by a hornet

Illustrated notes

Levels and vault maps discovered:
D:1:      tarquinn_simple_flora_water_a, layout_loops_ring,
          nicolae_shop_unique_rings, minmay_tripent
D:2:      layout_loops_ring, uniq_jessica
D:3:      layout_basic, serial_shops, nicolae_shop_trees
D:4:      layout_basic, minmay_temple_entry_butterflies,
          ebering_ghost_rock_garden, nicolae_half_adder
Temple:   mainiacjoe_temple_big_plus

Skill      XL: |  1  2  3  4  5  6 |
---------------+-------------------+-----
Fighting       | 3 |  3.8
Armour         | 4 5 |  5.1
Axes           | 2 3 4 |  4.1
Shields        | 4 |  4.3

Action                     |  1- 3 |  4- 6 || total
---------------------------+-------+-------++-------
  Melee: War axe           |    90 |   150 ||   240
         Tailslap          |     7 |    11 ||    18
    Use: Scroll            |       |     6 ||     6
 Armour: Scale mail        |    63 |   112 ||   175
  Dodge: Dodged            |    36 |    77 ||   113
  Block: Buckler           |    20 |    59 ||    79
